General information
- name: BNet
- type: Ladder 1vs1/FFA
- host: Battle.net
- saver: DownloadingPom
map: TidewaterGlades
- players: 2
- length: 18:53
- speed: Fast
- version: 1.26 W3XP
- replay type: Public
» download(57 KB)
Players
team 1 (loser)
BasementKhemist (
red | 46 APM | 878 actions | 18:53)
5 Warden
3 Shadow Strike
2 Blink
3 Priestess of the Moon
2 Trueshot Aura
1 Searing Arrows
» actions
| Build / train | 77 | |
| Enter build submenu | 18 | |
| Enter hero's abilities submenu | 8 | |
| Give item / drop item | 4 | |
| Remove unit from queue | 2 | |
| Right click | 480 | |
| Select / deselect | 246 | |
| Use ability | 43 | |
878 total
» units
| Wisp | 29 | |
| Archer | 12 | |
| Druid of the Talon | 5 | |
| Dryad | 7 | |
| Faerie Dragon | 3 | |
| Thunder Lizard | 1 | |
57 total
» upgrades
| Strength of the Wild | 2 | |
| Abolish Magic | 1 | |
3 total
» buildings
| Altar of Elders | 1 | |
| Ancient of War | 1 | |
| Moon Well | 6 | |
| Ancient of Wonders | 1 | |
| Hunter's Hall | 1 | |
| Tree of Ages | 1 | |
| Ancient Protector | 3 | |
| Ancient of Lore | 1 | |
| Ancient of Wind | 1 | |
| Tree of Eternity | 1 | |
| Tree of Life | 1 | |
18 total
» build order
00:17 Altar of Elders
00:21 Ancient of War
00:27 Moon Well
01:44 Moon Well
02:06 Ancient of Wonders
02:17 Moon Well
03:32 Hunter's Hall
04:43 Tree of Ages
05:18 Ancient Protector
05:25 Ancient Protector
06:06 Moon Well
07:21 Ancient Protector
08:22 Ancient of Lore
09:15 Ancient of Wind
09:49 Moon Well
11:36 Moon Well
12:52 Tree of Eternity
12:59 Tree of Life
» items
team 2 (winner)
DownloadingPom (
blue | 73 APM | 1379 actions | 18:53)
4 Archmage
2 Blizzard
2 Brilliance Aura
3 Blood Mage
2 Flame Strike
1 Siphon Mana
» actions
| Assign group hotkey | 56 | |
| Basic commands | 36 | |
| Build / train | 83 | |
| Enter build submenu | 23 | |
| Enter hero's abilities submenu | 7 | |
| Give item / drop item | 4 | |
| Right click | 611 | |
| Select / deselect | 209 | |
| Select group hotkey | 257 | |
| Use ability | 93 | |
1379 total
» units
| Peasant | 14 | |
| Dragonhawk Rider | 10 | |
24 total
» upgrades
| Swords | 3 | |
| Masonry | 2 | |
| Animal War Training | 1 | |
| Cloud | 1 | |
| Storm Hammers | 1 | |
| Armor | 1 | |
9 total
» buildings
| Altar of Kings | 1 | |
| Farm | 5 | |
| Arcane Vault | 1 | |
| Scout Tower | 9 | |
| Lumber Mill | 1 | |
| Arcane Tower | 2 | |
| Keep | 2 | |
| Guard Tower | 10 | |
| Blacksmith | 1 | |
| Gryphon Aviary | 3 | |
| Town Hall | 1 | |
| Castle | 1 | |
| Barracks | 1 | |
38 total
» build order
00:04 Altar of Kings
00:10 Farm
00:31 Farm
00:39 Arcane Vault
01:03 Scout Tower
01:21 Lumber Mill
01:54 Farm
02:04 Arcane Tower
02:22 Scout Tower
02:25 Scout Tower
03:22 Keep
03:23 Keep
03:32 Guard Tower
03:35 Scout Tower
03:39 Guard Tower
04:08 Guard Tower
04:23 Blacksmith
05:54 Gryphon Aviary
06:08 Gryphon Aviary
07:10 Gryphon Aviary
07:35 Farm
08:34 Farm
08:48 Guard Tower
08:49 Guard Tower
09:20 Town Hall
09:23 Scout Tower
09:24 Scout Tower
09:24 Scout Tower
09:58 Arcane Tower
10:07 Guard Tower
10:54 Guard Tower
11:30 Castle
12:24 Scout Tower
12:25 Scout Tower
12:33 Barracks
13:15 Guard Tower
13:18 Guard Tower
13:18 Guard Tower
» items
| Scroll of Regeneration | 7 | |
| Lesser Clarity Potion | 4 | |
| Mechanical Critter | 1 | |
| Boots of Speed | 2 | |
| Staff of Teleportation | 2 | |
| Potion of Healing | 2 | |
| Ivory Tower | 3 | |
| Potion of Invisibility | 2 | |
| Scroll of Town Portal | 1 | |
24 total
Chat log
(00:09 / All) BasementKhemist: sup faggot
(00:22 / All) DownloadingPom: ?
(07:36 / All) BasementKhemist: u are a faggot
(07:42 / All) DownloadingPom: english no
(07:52 / All) BasementKhemist: faggot yes
(07:56 / All) DownloadingPom: ?
(07:58 / All) BasementKhemist: this is a US server
(08:00 / All) BasementKhemist: dipshit
(15:23 / All) BasementKhemist: dude fuck off
(16:13 / All) BasementKhemist: s
(16:21 / All) BasementKhemist: why dont u fight bro
(16:23 / All) BasementKhemist: pussy bitch